 Dungeon Crawl Stone Soup version 0.21.0-34-g9234887 (webtiles) character file.

204 tidbits the Charmwright (level 5, -4/43 HPs)
             Began as a Gnoll Skald on Jan 29, 2018.
             Was an Initiate of Cheibriados.
             Slain by tidbits's ghost (9 damage)
             ... while paralysed
             ... on level 6 of the Dungeon.
             The game lasted 00:10:14 (1144 turns).

tidbits the Charmwright (Gnoll Skald)               Turns: 1144, Time: 00:10:15

Health: -4/43      AC:  5    Str: 15    XL:     5   Next: 82%
Magic:  5/12       EV:  2    Int: 17    God:    Cheibriados [......]
Gold:   42         SH:  0    Dex: 17    Spells: 3/14 levels left

rFire    . . .     SeeInvis .   a - +0 war axe
rCold    . . .     Gourm    .   (no shield)
rNeg     . . .     Faith    .   b - +0 leather armour
rPois    .         Spirit   .   (no helmet)
rElec    .         Reflect  .   C - +1 cloak
rCorr    .         Harm     .   (no gloves)
MR       .....                  (no boots)
Stlth    ++........             (no amulet)
HPRegen  0.14/turn              (no ring)
MPRegen  0.13/turn              (no ring)

@: paralysed, lethally poisoned (-4 -> -37), berserk cooldown, flying, slowed,
very slow
A: distributed training, fangs 1, agile 1, blurry vision 1, wild magic 1, strong
nose
a: Bend Time, Renounce Religion


You were on level 6 of the Dungeon.
You worshipped Cheibriados.
Cheibriados was noncommittal.
You were not hungry.

You visited 2 branches of the dungeon, and saw 7 of its levels.

You collected 107 gold pieces.
You spent 65 gold pieces at shops.

Inventory:

Hand Weapons
 a - a +0 war axe (weapon)
 k - a +0 scimitar
 u - a +0 hand axe
Missiles
 q - 18 arrows
 v - a tomahawk (quivered)
Armour
 b - a +0 leather armour (worn)
 m - a +0 ring mail of poison resistance
   (You found it on level 3 of the Dungeon)
 C - a +1 cloak (worn)
Jewellery
 p - an uncursed ring of ice
   (You found it on level 4 of the Dungeon)
Wands
 i - a wand of disintegration (18)
Scrolls
 g - a scroll of teleportation
 j - 2 scrolls of magic mapping
 r - 4 scrolls of remove curse
 w - a scroll of enchant weapon {unknown}
Potions
 h - 2 potions of flight
 l - a potion of magic {unknown}
 n - a potion of cancellation
 o - 2 potions of lignification
 s - a potion of heal wounds
 t - a potion of mutation {!q}
Books
 d - a book of Battle

   Spells                             Type                      Level
   a - Infusion                       Charms                       1
   b - Shroud of Golubria             Charms/Translocation         2
   c - Song of Slaying                Charms                       2
   d - Spectral Weapon                Hexes/Charms                 3
   e - Regeneration                   Charms/Necromancy            3
 f - a book of Flames
   (You found it on level 5 of the Dungeon)

   Spells                             Type                      Level
   a - Flame Tongue                   Conjuration/Fire             1
   b - Throw Flame                    Conjuration/Fire             2
   c - Conjure Flame                  Conjuration/Fire             3
   d - Inner Flame                    Hexes/Fire                   3
   e - Sticky Flame                   Conjuration/Fire             4
   f - Fireball                       Conjuration/Fire             5
Comestibles
 c - 5 rations


   Skills:
 + Level 4.8 Fighting
 + Level 1.6 Short Blades
 + Level 1.6 Long Blades
 + Level 4.8 Axes
 + Level 1.6 Maces & Flails
 + Level 1.6 Polearms
 + Level 1.6 Staves
 + Level 1.6 Slings
 + Level 1.6 Bows
 + Level 1.6 Crossbows
 + Level 1.6 Throwing
 + Level 3.0 Armour
 + Level 4.8 Dodging
 + Level 1.6 Stealth
 + Level 1.6 Shields
 + Level 1.6 Unarmed Combat
 + Level 5.2 Spellcasting
 + Level 1.3 Conjurations
 + Level 1.3 Hexes
 + Level 5.6 Charms
 + Level 1.3 Summonings
 + Level 1.3 Necromancy
 + Level 1.3 Translocations
 + Level 1.3 Transmutations
 + Level 1.3 Fire Magic
 + Level 1.3 Ice Magic
 + Level 1.3 Air Magic
 + Level 1.3 Earth Magic
 + Level 1.3 Poison Magic
 + Level 1.8 Invocations
 + Level 1.6 Evocations


You had 3 spell levels left.
You knew the following spells:

 Your Spells              Type           Power        Failure   Level  Hunger
g - Shroud of Golubria    Chrm/Tloc      ###.......   10%         2    #......
i - Infusion              Chrm           ####         3%          1    None
r - Regeneration          Chrm/Necr      ###.......   17%         3    ###....
w - Spectral Weapon       Hex/Chrm       ###.....     17%         3    ###....
y - Song of Slaying       Chrm           ####....     4%          2    #......


Dungeon Overview and Level Annotations

Branches:
Dungeon (6/15)             Temple (1/1) D:4

Altars:
Cheibriados
Elyvilon
Fedhas
Hepliaklqana
Kikubaaqudgha
Makhleb
Nemelex Xobeh
Okawaru
Qazlal
Ru
Sif Muna
Trog
Uskayaw
Wu Jian
Xom
Yredelemnul
Zin
The Shining One

Shops:
D:5 =(?

Annotations:
D:6 tidbits's ghost, novice GnSk


Innate Abilities, Weirdness & Mutations

Your experience applies equally to all skills.
You have very sharp teeth.
Your uncanny sense of smell can sniff out nearby items.
You are agile. (Dex +2)
Scrolls take you a little longer to read.
Your spells are a little harder to cast, but a little more powerful.


Message History

Confirm with . or Enter, or press ? or * to list all spells.
You draw out your weapon's spirit!
You feel sick. Tidbits's ghost completely misses you.
Okay, then.
Unknown command.
The flow of time bends around you.
Cheibriados rebukes tidbits's ghost.
Tidbits's ghost seems to slow down.
You feel slightly more hungry. Tidbits's ghost barely misses you.
You closely miss tidbits's ghost.
You feel sick.
Tidbits's ghost's shroud bends your spectral weapon's attack away!
Your spectral weapon hits the plant but does no damage. x2
Tidbits's ghost hits you but does no damage.
You miss tidbits's ghost.
Your spectral weapon misses tidbits's ghost.
Your spectral weapon hits the plant but does no damage.
Your spectral weapon completely misses the plant.
You barely miss tidbits's ghost.
You feel sick.
Your spectral weapon misses tidbits's ghost.
Your spectral weapon hits the plant.
Your spectral weapon completely misses the plant.
Tidbits's ghost hits you.
You are more poisoned.
Tidbits's ghost's shroud bends your attack away!
You feel sick. Tidbits's ghost misses you.
You slash tidbits's ghost!
Tidbits's ghost is lightly damaged.
You feel sick.
Your spectral weapon completely misses tidbits's ghost.
Your spectral weapon hits the plant. x2
Tidbits's ghost hits you but does no damage.
You are more poisoned.
You barely miss tidbits's ghost. You bite tidbits's ghost.
Tidbits's ghost is lightly damaged.
You feel sick.
Tidbits's ghost's shroud bends your spectral weapon's attack away!
Your spectral weapon hits the plant!
Your spectral weapon hits the plant.
You closely miss tidbits's ghost.
Tidbits's ghost is lightly damaged.
You feel sick.
Your spectral weapon barely misses tidbits's ghost.
Your spectral weapon hits the plant but does no damage.
Your spectral weapon hits the plant.
Tidbits's ghost mumbles some strange words.
Tidbits's ghost's wounds begin to heal before your eyes!
It was a potion of mutation.
You feel extremely strange.
Your vision blurs.
You feel less in control of your magic.
You feel agile.
You feel sick.
Tidbits's ghost hits you but does no damage.
You are more poisoned.
It was a potion of flight.
You feel very buoyant.
You fly up into the air.
You feel sick.
Your spectral weapon fades away.
It was a potion of berserk rage.
A red film seems to cover your vision as you go berserk!
Cheibriados protects you from inadvertent hurry.
You feel mighty!
You feel sick. Tidbits's ghost barely misses you.
Tidbits's ghost's shroud bends your attack away!
You feel sick. Tidbits's ghost hits you!
Your shroud falls apart!
You are more poisoned.
You slash tidbits's ghost!
Tidbits's ghost is moderately damaged.
You feel very sick.
You miss tidbits's ghost. Your bite misses tidbits's ghost.
Tidbits's ghost is moderately damaged.
You feel very sick.
Tidbits's ghost is no longer moving slowly.
Tidbits's ghost hits you but does no damage.
You slice tidbits's ghost!!
Tidbits's ghost is heavily damaged.
You feel very sick. Tidbits's ghost barely misses you.
Tidbits's ghost closely misses you.
You closely miss tidbits's ghost.
Tidbits's ghost is heavily damaged.
You feel sick. Tidbits's ghost closely misses you.
Tidbits's ghost's shroud bends your attack away!
You feel sick. Tidbits's ghost hits you.
* * * LOW HITPOINT WARNING * * *
You are lethally poisoned!
You barely miss tidbits's ghost. Your bite misses tidbits's ghost.
Tidbits's ghost is heavily damaged.
You are no longer berserk.
You pass out from exhaustion.
You feel yourself slow down.
* * * LOW HITPOINT WARNING * * *
You feel very sick. Tidbits's ghost hits you.
* * * LOW HITPOINT WARNING * * *
You are more poisoned.
Your magical contamination has completely faded away.
* * * LOW HITPOINT WARNING * * *
You feel very sick. Tidbits's ghost completely misses you.
* * * LOW HITPOINT WARNING * * *
You feel very sick. Tidbits's ghost hits you!
You die...

##..≈.≈≈≈≈≈PP≈......###.###.....#
#...≈.≈≈≈≈≈≈≈P..≈....#..##......
#.#...≈≈≈≈≈≈≈≈≈≈..≈≈............
#.##.≈≈≈≈≈≈≈≈≈≈≈≈≈≈≈≈≈...≈≈≈≈≈≈≈
#.##..≈.≈≈P≈≈≈≈≈≈≈≈≈≈≈≈P≈≈≈≈P≈≈≈
#.......≈.≈≈≈≈≈≈≈≈≈≈≈≈≈≈≈≈≈≈≈≈≈≈
###......≈.≈≈≈≈PP≈≈≈≈≈≈≈≈s≈≈≈≈≈≈
#........≈≈≈.W.≈≈≈.≈≈≈≈.≈PP≈≈≈
#............@..P≈....(≈.≈≈.≈.
#...........#......###........
#........##...######
#...........### #.........#.#
#########.#.# #.#.# #.# #.#


You could see tidbits's ghost.

Vanquished Creatures
  A bullfrog zombie (D:6)
  A bullfrog skeleton (D:6)
  A worker ant (D:5)
  A howler monkey skeleton (D:4)
  4 adders
  An ooze (D:4)
  An adder zombie (D:6)
  3 worms (D:3)
  5 leopard geckos
  7 orcs
  2 giant cockroaches
  5 goblins
  4 hobgoblins (D:3)
  2 kobolds
  2 quokkas
  4 bats
  A frilled lizard (D:5)
  A quokka skeleton (D:4)
  2 rats (D:2)
48 creatures vanquished.

Notes
Turn   | Place    | Note
-------+----------+-------------------------------------------
     0 | D:1      | tidbits the Gnoll Skald began the quest for the Orb.
     0 | D:1      | Reached XP level 1. HP: 20/20 MP: 6/6
   108 | D:2      | Reached XP level 2. HP: 19/26 MP: 3/7
   139 | D:2      | Learned a level 2 spell: Song of Slaying
   142 | D:2      | Learned a level 2 spell: Shroud of Golubria
   272 | D:3      | Reached XP level 3. HP: 31/31 MP: 1/9
   275 | D:3      | Reached skill level 5 in Spellcasting
   280 | D:3      | Learned a level 3 spell: Regeneration
   284 | D:3      | Learned a level 3 spell: Spectral Weapon
   387 | D:3      | Reached skill level 1 in Invocations
   455 | D:3      | Reached skill level 1 in Short Blades
   455 | D:3      | Reached skill level 1 in Long Blades
   455 | D:3      | Reached skill level 1 in Maces & Flails
   455 | D:3      | Reached skill level 1 in Polearms
   455 | D:3      | Reached skill level 1 in Staves
   455 | D:3      | Reached skill level 1 in Slings
   455 | D:3      | Reached skill level 1 in Bows
   455 | D:3      | Reached skill level 1 in Crossbows
   455 | D:3      | Reached skill level 1 in Throwing
   455 | D:3      | Reached skill level 1 in Stealth
   455 | D:3      | Reached skill level 1 in Shields
   455 | D:3      | Reached skill level 1 in Unarmed Combat
   455 | D:3      | Reached skill level 1 in Evocations
   525 | D:3      | Reached XP level 4. HP: 22/38 MP: 6/11
   642 | D:4      | Found a staircase to the Ecumenical Temple.
   652 | Temple   | Entered the Ecumenical Temple
   687 | Temple   | Became a worshipper of Cheibriados the Contemplative
   800 | D:5      | Entered Level 5 of the Dungeon
   829 | D:5      | Reached skill level 1 in Conjurations
   829 | D:5      | Reached skill level 1 in Hexes
   829 | D:5      | Reached skill level 1 in Summonings
   829 | D:5      | Reached skill level 1 in Necromancy
   829 | D:5      | Reached skill level 1 in Translocations
   829 | D:5      | Reached skill level 1 in Transmutations
   829 | D:5      | Reached skill level 1 in Fire Magic
   829 | D:5      | Reached skill level 1 in Ice Magic
   829 | D:5      | Reached skill level 1 in Air Magic
   829 | D:5      | Reached skill level 1 in Earth Magic
   829 | D:5      | Reached skill level 1 in Poison Magic
   829 | D:5      | Reached XP level 5. HP: 43/43 MP: 8/12
   847 | D:5      | Found Leiluis's Jewellery Emporium.
   868 | D:5      | Found Esaschez's Antique Weapon Shop.
   889 | D:5      | Found Kyatour's Magic Scroll Shop.
   900 | D:5      | Bought a scroll of identify for 26 gold pieces
   902 | D:5      | Bought a scroll of remove curse for 39 gold pieces
   924 | D:6      | Reached skill level 3 in Armour
   975 | D:6      | Noticed tidbits's ghost (novice GnSk)
  1133 | D:6      | Gained mutation: Scrolls take you a little longer to read. [potion of mutation]
  1133 | D:6      | Gained mutation: Your spells are a little harder to cast, but a little more powerful. [potion of mutation]
  1133 | D:6      | Gained mutation: You are agile. (Dex +2) [potion of mutation]
  1144 | D:6      | Slain by tidbits's ghost

Skill      XL: |  1  2  3  4  5 |
---------------+----------------+-----
Spellcasting   | 5 |  5.2
Invocations    | 1 |  1.8
Short Blades   | 1 |  1.6
Long Blades    | 1 |  1.6
Maces & Flails | 1 |  1.6
Polearms       | 1 |  1.6
Staves         | 1 |  1.6
Slings         | 1 |  1.6
Bows           | 1 |  1.6
Crossbows      | 1 |  1.6
Throwing       | 1 |  1.6
Stealth        | 1 |  1.6
Shields        | 1 |  1.6
Unarmed Combat | 1 |  1.6
Evocations     | 1 |  1.6
Conjurations   | 1 |  1.3
Hexes          | 1 |  1.3
Summonings     | 1 |  1.3
Necromancy     | 1 |  1.3
Translocations | 1 |  1.3
Transmutations | 1 |  1.3
Fire Magic     | 1 |  1.3
Ice Magic      | 1 |  1.3
Air Magic      | 1 |  1.3
Earth Magic    | 1 |  1.3
Poison Magic   | 1 |  1.3
Armour         | 3 |  3.0
Fighting       | |  4.8
Axes           | |  4.8
Dodging        | |  4.8
Charms         | |  5.6

Action                   |  1- 3 |  4- 6 || total
-------------------------+-------+-------++-------
Melee: Hand axe          |    64 |    49 ||   113
       Bite              |     3 |    10 ||    13
       Punch             |       |     1 ||     1
       War axe           |       |    25 ||    25
 Cast: Infusion          |     6 |       ||     6
       Shroud of Golubri |     1 |     3 ||     4
       Spectral Weapon   |     6 |    13 ||    19
       Regeneration      |     1 |     2 ||     3
       Song of Slaying   |       |     1 ||     1
Invok: Bend Time         |       |     1 ||     1
  Use: Scroll            |     1 |     4 ||     5
       Potion            |       |     3 ||     3
 Stab: Sleeping          |     1 |     2 ||     3
  Eat: Chunk             |       |     1 ||     1
       Ration            |       |     1 ||     1
Armor: Leather armour    |    14 |    16 ||    30
Dodge: Dodged            |    36 |    58 ||    94

Table legend:
 A = Turns spent in this place as a percentage of turns spent in the entire game.
 B = Non-inter-level travel turns spent in this place as a percentage of non-inter-level travel turns spent in the entire game.
 C = Inter-level travel turns spent in this place as a percentage of turns spent in this place.
 D = Turns resting spent in this place as a percentage of non-inter-level travel turns spent in this place.
 E = Turns spent auto-exploring this place as a percentage of non-inter-level travel turns spent in this place.
 F = Non-inter-level travel turns spent in this place divided by the number of levels of this place that you've seen.
                   A       B       C       D       E      F
               +-------+-------+-------+-------+-------+----------------------
         Total | 100.0 | 100.0 |   2.9 |   0.0 |   0.0 | 158.7
       Dungeon |  93.9 |  96.7 |   0.0 |   0.0 |   0.0 | 179.0
        Temple |   6.1 |   3.3 |  47.1 |   0.0 |   0.0 |  37.0
               +-------+-------+-------+-------+-------+----------------------

Table legend:
 A = Kills in this place as a percentage of kills in entire the game.
 B = Kills by you in this place as a percentage of kills by you in the entire game.
 C = Kills by friends in this place as a percentage of kills by friends in the entire game.
 D = Other kills in this place as a percentage of other kills in the entire game.
 E = Experience gained in this place as a percentage of experience gained in the entire game.
 F = Experience gained in this place divided by the number of levels of this place that you have seen.
                   A       B       C       D       E      F
               +-------+-------+-------+-------+-------+----------------------
         Total | 100.0 | 100.0 |   N/A |   N/A | 100.0 |  41.7
       Dungeon | 100.0 | 100.0 |   N/A |   N/A | 100.0 |  48.7
               +-------+-------+-------+-------+-------+----------------------

Vault maps used:
D:1:      mainiacjoe_arrival_reflecting_pool, serial_corexii_hall,
          corexii_hall_statues_x, corexii_hall_statues_s
D:3:      wad_river_or_something, kennysheep_generic_room_16
D:4:      minmay_temple_entry_hall
D:5:      marbit_many_paths, serial_shops, kennysheep_little_box,
          nicolae_shop_statue_plus, shop, nicolae_shop_crystal, shop,
          first_ration, uniq_pikel
D:6:      chequers_big_river, dk_noncrumbling_4
Temple:   kilobyte_greek_temple
